 Dungeon Crawl Stone Soup version 0.29-a0-119-g4040846114 (webtiles) character file.

Game seed: 6457061764500010469

1671 cyrus the Cudgeller (level 8, 0/71 HPs)
             Began as a Minotaur Fighter on Feb 19, 2022.
             Was a Priest of Makhleb.
             Slain by a gnoll sergeant (11 damage)
             ... on level 6 of the Dungeon.
             The game lasted 00:18:56 (11073 turns).

cyrus the Cudgeller (Minotaur Fighter)             Turns: 11073, Time: 00:18:57

Health: 0/71       AC: 10    Str: 22    XL:     8   Next: 70%
Magic:  7/7        EV:  8    Int:  7    God:    Makhleb [***...]
Gold:   249        SH:  5    Dex: 10    Spells: 1/7 levels left

rFire   . . .      SeeInvis .   e - +2 mace (venom)
rCold   . . .      Faith    .   c - +0 buckler
rNeg    . . .      Spirit   .   C - +0 chain mail
rPois   .          Reflect  .   (helmet restricted)
rElec   .          Harm     .   (no cloak)
rCorr   .          Rampage  .   (no gloves)
Will    .....                   (no boots)
Stlth   ..........              i - amulet of the acrobat
HPRegen 0.21/turn               r - +1 ring of strength
MPRegen 0.10/turn               (no ring)

@: no status effects
A: horns 2, retaliatory headbutt
a: Renounce Religion, Minor Destruction, Lesser Servant of Makhleb


You were on level 6 of the Dungeon.
You worshipped Makhleb.
Makhleb was most pleased with you.
You visited 1 branch of the dungeon, and saw 6 of its levels.

You collected 275 gold pieces.
You spent 26 gold pieces at shops.

Inventory:

Hand Weapons
 a - a +0 war axe
 e - a +2 mace of venom (weapon)
Armour
 b - a +0 scale mail
 c - a +0 buckler (worn)
 q - +0 acid dragon scales
 v - a +0 barding
 A - a +0 robe
 C - a +0 chain mail (worn)
Jewellery
 i - an amulet of the acrobat (around neck)
 r - a +1 ring of strength (left hand)
 w - a ring of magical power
Wands
 y - a wand of iceblast (12)
Scrolls
 d - a scroll of magic mapping {unknown}
 h - a scroll of noise {unknown}
 j - 2 scrolls of identify {unknown}
 l - 2 scrolls of amnesia {unknown}
 m - a scroll of blinking {unknown}
 o - a scroll of brand weapon {unknown}
 s - 3 scrolls of fear {unknown}
 t - a scroll of fog {unknown}
 u - 3 scrolls of teleportation {unknown}
 z - a scroll of vulnerability {unknown}
Potions
 f - a potion of attraction {unknown}
 g - a potion of magic {unknown}
 k - 2 potions of flight {unknown}
 n - a potion of heal wounds {unknown}
 p - a potion of mutation {unknown}
 x - 2 potions of curing {unknown}
 B - a potion of degeneration {unknown}


   Skills:
 + Level 6.7 Fighting
 + Level 2.4(5.5) Axes
 + Level 7.7(7.9) Maces & Flails
 + Level 7.5 Armour
 + Level 2.4 Dodging
 + Level 1.6 Stealth
 + Level 5.7 Shields
 + Level 1.2 Invocations


You had one spell level left.
You knew the following spells:

 Your Spells              Type           Power      Damage    Failure   Level
a - Simulacrum            Ice/Necr       0%         N/A       100%        6

Your spell library contained the following spells:

 Spells                   Type           Power      Damage    Failure   Level
 Animate Skeleton         Necr           0%         N/A       99%         1
 Apportation              Tloc           0%         N/A       99%         1
 Sandblast                Erth           0%         2d4       99%         1
 Summon Small Mammal      Summ           0%         N/A       99%         1
 Blink                    Tloc           0%         N/A       99%         2
 Passwall                 Tmut/Erth      0%         N/A       99%         2
 Lesser Beckoning         Tloc           0%         N/A       100%        3
 Ozocubu's Armour         Ice            0%         N/A       100%        3
 Stone Arrow              Conj/Erth      0%         3d7       100%        3
 Manifold Assault         Tloc           0%         N/A       100%        5
 Metabolic Englaciation   Hex/Ice        0%         N/A       100%        5


Dungeon Overview and Level Annotations

Branches:
Dungeon (6/15)             Temple (0/1) D:4

Altars:
Cheibriados
Hepliaklqana
Makhleb
Nemelex Xobeh
Okawaru
Qazlal
Trog
Vehumet
Yredelemnul

Shops:
D:1 ?   D:3 =

Annotations:
D:5 2 transporters, Anonymone's ghost, amateur DsGl


Innate Abilities, Weirdness & Mutations

You have a pair of horns on your head.
You reflexively headbutt those who attack you in melee.


Message History

You block the gnoll's attack.
The gnoll sergeant hits you from afar with a +0 vorpal spear.
* * * LOW HITPOINT WARNING * * *
x2 The white imp gestures at you.
The puff of frost hits you.
* * * LOW HITPOINT WARNING * * *
You see here a +0 ring mail.
The gnoll sergeant hits you but does no damage.
The white imp gestures at you. The puff of frost hits you.
* * * LOW HITPOINT WARNING * * *
The gnoll misses you.
The white imp shouts, "Escape, thou feckless ditch-delivered nert!"
You kill the gnoll!
Makhleb accepts your kill. The white imp puffs mist at you.
The gnoll sergeant misses you. You furiously retaliate!
You headbutt the gnoll sergeant, but do no damage.
The gnoll sergeant closely misses you.
You barely miss the white imp. You headbutt the white imp.
The white imp is heavily wounded.
You block the gnoll sergeant's attack. The white imp gestures at you.
The puff of frost misses you.
You hit the white imp.
The white imp is severely wounded.
You block the gnoll sergeant's attack. The gnoll hits you with a +0 whip.
* * * LOW HITPOINT WARNING * * *
The white imp gestures at you.
The puff of frost hits you but does no damage.
The white imp gestures at you. The puff of frost hits you.
* * * LOW HITPOINT WARNING * * *
The white imp gestures at you.
The puff of frost hits you but does no damage.
The gnoll sergeant closely misses you.
You barely miss the white imp. Your headbutt misses the white imp.
The white imp is severely wounded.
The gnoll sergeant hits you from afar with a +0 vorpal spear!
You die...

.# # ###.# ....#
##### .######...#
..[###....###
............#####
.........)......##
..............g..#
.............g.5@##
...[.#........g...##
....###............#
...##
##....####...## ...#
#...## ##...### ...#
#..## ##....#######
#..# #..#
#..........# #.##
#..# ##..........###
#.# #.##
##.............#


You could see a gnoll sergeant, 2 gnolls and a white imp.

Vanquished Creatures
  A water moccasin (D:5)
  A sky beast (D:6)
  A black bear (D:3)
  2 ogres
  2 scorpions (D:5)
  A water moccasin skeleton (D:5)
  2 howler monkeys
  A centaur zombie (D:6)
  2 jellies
  A bullfrog skeleton (D:6)
  3 hounds
  3 orc priests
  A centaur skeleton (D:5)
  6 orc wizards
  A hound zombie (D:5)
  6 gnolls
  6 adders
  An adder skeleton (D:4)
  4 worms
  3 dart slugs
  20 orcs
  9 endoplasms
  3 goblins
  4 hobgoblins
  2 quokkas (D:1)
  7 ball pythons
  5 bats
  10 kobolds
  7 rats
115 creatures vanquished.

Vanquished Creatures (collateral kills)
  A water moccasin (D:6)
  A necrophage (D:6)
  A phantom (D:6)
3 creatures vanquished.

Grand Total: 118 creatures vanquished

Notes
Turn   | Place    | Note
-------+----------+-------------------------------------------
     0 | D:1      | cyrus the Minotaur Fighter began the quest for the Orb.
     0 | D:1      | Reached XP level 1. HP: 19/19 MP: 0/0
    37 | D:1      | Found a faded altar of an unknown god.
   325 | D:1      | Prayed at the altar of an unknown god.
   325 | D:1      | Became a worshipper of Makhleb the Destroyer
   325 | D:1      | Reached * piety under Makhleb
   547 | D:1      | Reached XP level 2. HP: 21/27 MP: 1/1
   635 | D:1      | Found Extum's Magic Scroll Emporium.
  1468 | D:2      | Reached skill level 1 in Maces & Flails
  1468 | D:2      | Reached XP level 3. HP: 30/33 MP: 2/2
  1490 | D:2      | Found a bloodstained altar of Trog.
  1663 | D:2      | Reached ** piety under Makhleb
  2519 | D:3      | Reached XP level 4. HP: 40/40 MP: 3/3
  2692 | D:3      | Found Tuysch's One-of-a-Kind Rings.
  2710 | D:3      | Bought a +1 ring of strength for 26 gold pieces
  2858 | D:3      | Noticed a black bear
  2864 | D:3      | Killed a black bear
  2865 | D:3      | Reached XP level 5. HP: 25/47 MP: 4/4
  3725 | D:3      | Found a faded altar of an unknown god.
  3742 | D:3      | Reached skill level 5 in Armour
  3743 | D:3      | Found a hazy altar of Hepliaklqana.
  5935 | D:4      | Found a snail-covered altar of Cheibriados.
  5946 | D:4      | Found a transporter.
  5975 | D:4      | Reached XP level 6. HP: 50/53 MP: 5/5
  5980 | D:4      | Reached skill level 1 in Dodging
  5982 | D:4      | Found a transporter.
  6271 | D:4      | Found a staircase to the Ecumenical Temple.
  6497 | D:4      | Found an iron altar of Okawaru.
  6755 | D:4      | Found a burning altar of Makhleb.
  6755 | D:4      | Found a stormy altar of Qazlal.
  6873 | D:4      | Reached *** piety under Makhleb
  6932 | D:4      | Found a sparkling altar of Nemelex Xobeh.
  7198 | D:4      | Upgraded the game from 0.29-a0-113-g078de9bc30 to
                  | 0.29-a0-119-g4040846114
  7385 | D:5      | Entered Level 5 of the Dungeon
  7412 | D:5      | Reached skill level 5 in Maces & Flails
  7412 | D:5      | Reached XP level 7. HP: 12/60 MP: 6/6
  7844 | D:5      | Noticed a ynoxinul
  8283 | D:5      | Reached skill level 5 in Fighting
  8721 | D:5      | HP: 3/61 [poisoned by a water moccasin]
  8733 | D:5      | Reached skill level 1 in Stealth
  9096 | D:5      | Found a transporter.
  9098 | D:5      | Noticed Anonymone's ghost (amateur DsGl)
  9099 | D:5      | Identified the +10 great mace of Doom {vamp, rF++ MP-9
                  | Int+4 SInv}
  9100 | D:5      | Found a transporter.
  9297 | D:5      | Reached skill level 1 in Invocations
  9505 | D:5      | Reached skill level 5 in Shields
  9580 | D:5      | Reached XP level 8. HP: 70/70 MP: 7/7
 10655 | D:6      | Learned a level 6 spell: Simulacrum
 10803 | D:6      | Found a radiant altar of Vehumet.
 11019 | D:6      | Found a basalt altar of Yredelemnul.
 11073 | D:6      | Slain by a gnoll sergeant

Illustrated notes

Levels and vault maps discovered:
D:1:      minmay_arrival_five_plusses, layout_basic, serial_shops, shop_scrolls,
          hellmonk_ecumenical_altar_pennies_from_heaven,
          corexii_leaking_fountain, corexii_corridor_pit
D:2:      layout_loops_ring, basic_altar, nrook_campfire,
          chequers_hall_statues_corner_a
D:3:      layout_loops_corners, beargit_hepliaklqana_dungeon_heroes,
          amethyst_killhole, nicolae_shop_unique_rings
D:4:      gammafunk_wand_slinger, layout_cave_pools, cheibriados_altar_1,
          nemelex_dance_club_becter, okawaru_gym_becter,
          gammafunk_temple_overflow_pools, temple_hall_moat
D:5:      layout_loops_ring, gammafunk_ghost_smash, serial_park_tiny_pond,
          st_stairs_7
D:6:      layout_layer_cave, fiery_altar_vehumet, old_standard_altar

Skill      XL: |  1  2  3  4  5  6  7  8 |
---------------+-------------------------+-----
Fighting       | 4 5 6 |  6.7
Shields        | 4 5 |  5.7
Armour         | 4 5 6 7 |  7.5
Maces & Flails | 1 2 3 4 5 6 7 |  7.7
Dodging        | 1 2 |  2.4
Stealth        | 1 |  1.6
Invocations    | 1 |  1.2
Axes           | |  2.4

Action                   |  1- 3 |  4- 6 |  7- 9 || total
-------------------------+-------+-------+-------++-------
Melee: Mace              |    61 |   108 |   131 ||   300
       Headbutt          |     2 |    12 |    30 ||    44
Invok: Minor Destruction |     1 |     2 |       ||     3
       Lesser Servant of |       |       |     2 ||     2
  Use: Potion            |     1 |     1 |       ||     2
Armor: Scale mail        |    17 |    37 |    48 ||   102
       Chain mail        |       |       |    12 ||    12
Dodge: Dodged            |    26 |    54 |    90 ||   170
Block: Buckler           |    15 |    27 |    38 ||    80

Table legend: (Time is in decaauts)
 A = Elapsed time spent in this place.
 B = Non-inter-level travel time spent in this place.
 C = Inter-level travel time spent in this place.
 D = Time resting spent in this place.
 E = Time spent auto-exploring this place.
 F = Levels seen in this place.
 G = Mean time per level.
                   A        B        C        D        E       F      G
               +--------+--------+--------+--------+--------+-----+--------+
         Total |  11137 |  10564 |    573 |   5240 |   3861 |   6 | 1856.2 |
       Dungeon |  11137 |  10564 |    573 |   5240 |   3861 |   6 | 1856.2 |
               +--------+--------+--------+--------+--------+-----+--------+

Top non-repeatable levels by time:
     D:3: 3431 daAuts
     D:5: 2407 daAuts
     D:4: 1527 daAuts
     D:1: 1386 daAuts
     D:6: 1299 daAuts
     D:2: 1086 daAuts
